 Dungeon Crawl Stone Soup version 0.28.0 (webtiles) character file.

Game seed: 17648238135493465567

294 Kaptain the Sneak (level 6, -1/52 HPs)
             Began as a Naga Hedge Wizard on Feb 18, 2022.
             Slain by Crazy Yiuf (2 damage)
             ... on level 3 of the Dungeon.
             The game lasted 00:09:16 (4140 turns).

Kaptain the Sneak (Naga Hedge Wizard)               Turns: 4140, Time: 00:09:16

Health: -1/52      AC:  4    Str: 13    XL:     6   Next: 34%
Magic:  12/12      EV:  9    Int: 16    God:
Gold:   79         SH:  0    Dex: 10    Spells: 5/13 levels left

rFire   . . .      SeeInvis +   i - +3 dagger (venom)
rCold   . . .      Faith    .   (no shield)
rNeg    . . .      Spirit   .   t - +0 leather armour
rPois   +          Reflect  .   h - +0 helmet
rElec   .          Harm     .   (no cloak)
rCorr   .          Rampage  .   (no gloves)
Will    .....                   (no barding)
Stlth   ++........              (no amulet)
HPRegen 0.17/turn               (no ring)
MPRegen 0.13/turn               (no ring)

@: very slow
A: AC +2, large, see invisible, deformed body, poison resistance, slowness 2,
spit poison 1, naga tail 1
a: Spit Poison


You were on level 3 of the Dungeon.
You visited 1 branch of the dungeon, and saw 3 of its levels.

You collected 79 gold pieces.

Inventory:

Hand Weapons
 d - a +1 trident of flaming
 i - a +3 dagger of venom (weapon)
 m - a +2 hand axe of electrocution
 o - a +0 war axe of electrocution
Missiles
 f - 106 stones
Armour
 h - a +0 helmet (worn)
 t - a +0 leather armour (worn)
Scrolls
 a - a scroll of identify
Potions
 b - a potion of heal wounds {unknown}
 c - a potion of mutation {unknown}
 e - a potion of flight
 g - a potion of berserk rage
 p - a potion of degeneration {unknown}
 r - 2 potions of brilliance {unknown}


   Skills:
 + Level 2.1 Fighting
 - Level 1.5 Dodging
 + Level 5.0 Stealth
 * Level 4.4 Spellcasting
 * Level 3.5 Conjurations
 - Level 1.0 Summonings
 - Level 1.0 Translocations


You had 5 spell levels left.
You knew the following spells:

 Your Spells              Type           Power      Damage    Failure   Level
a - Magic Dart            Conj           56%        1d5       4%          1
b - Blink                 Tloc           12%        N/A       21%         2
c - Call Imp              Summ           6%         N/A       21%         2
d - Mephitic Cloud        Conj/Pois/Air  7%         N/A       36%         3

Your spell library contained the following spells:

 Spells                   Type           Power      Damage    Failure   Level
 Slow                     Hex            12%        N/A       21%         1
 Conjure Flame            Conj/Fire      9%         6-21      30%         3


Dungeon Overview and Level Annotations

Branches:
Dungeon (3/15)

Altars:
Ashenzari
Gozag

Annotations:
D:3 Crazy Yiuf


Innate Abilities, Weirdness & Mutations

Your serpentine skin is tough. (AC +2)
You have supernaturally acute eyesight. (SInv)
Armour fits poorly on your strangely shaped body.
Your system is resistant to poisons. (rPois)
You cover ground very slowly.
You can spit poison.
You have a snake-like lower body.


Message History

There is a stone staircase leading down here.
You open the door.
Found a mace.
Found a runed translucent door.
Crazy Yiuf shouts!
There is a stone staircase leading down here.
You see here a +0 dagger.
There is a stone staircase leading up here.
There is a stone staircase leading down here.
Crazy Yiuf shouts!
Crazy Yiuf whimpers, "Fluff meccalolo turtle!"
You open the door.
Crazy Yiuf says, "Cholesterol!"
You hit Crazy Yiuf but do no damage.
Crazy Yiuf is poisoned.
Crazy Yiuf says, "Ten!
Shower chair poople."
Crazy Yiuf hits you with a +2 quarterstaff of chaos!
Crazy Yiuf freezes you.
Crazy Yiuf screams, "Rifle sow arga!"
Crazy Yiuf hits you with a +2 quarterstaff of chaos.
Crazy Yiuf burns you.
You hit Crazy Yiuf.
Crazy Yiuf is severely wounded.
Crazy Yiuf hits you with a +2 quarterstaff of chaos.
Crazy Yiuf burns you.
You barely miss Crazy Yiuf.
Crazy Yiuf is severely wounded.
Crazy Yiuf looks more healthy.
Crazy Yiuf hits you with a +2 quarterstaff of chaos.
You hit Crazy Yiuf.
Crazy Yiuf is poisoned.
Crazy Yiuf is severely wounded.
Crazy Yiuf grits, "Hah pizzabubble infinity!"
Crazy Yiuf hits you with a +2 quarterstaff of chaos!
* * * LOW HITPOINT WARNING * * *
Crazy Yiuf burns you.
* * * LOW HITPOINT WARNING * * *
Okay, then.
Crazy Yiuf laughs, "Snower unthinkable bush!"
Crazy Yiuf hits you with a +2 quarterstaff of chaos!
* * * LOW HITPOINT WARNING * * *
Crazy Yiuf burns you.
You die...

#.##.# #...# #.....
#.##.# ... #####.
#.##.# #'# #.
#.##.### ♣♣.♣ #.
#......# ♣.♣♣ #.
#..###.## ♣♣.♣ #.
#..# #..# ♣.♣♣ #.
#..###..# ♣♣g♣♣ #.
#.......# ♣.@.♣♣ ##
#.#####.# ♣....♣ #
#.# #.# #+..'# #
#.# #.##### #....#
# #.#####.....#
##...# #
..>.....###.# #..##
#
..#########.####.##
#
............>....#
########
...########.######
#.......


You could see Crazy Yiuf (very poisoned).

Vanquished Creatures
  Sigmund (D:3)
  Robin (D:3)
  4 adders
  A worm (D:2)
  5 orcs (D:3)
  5 endoplasms
  3 giant cockroaches (D:1)
  15 goblins
  7 hobgoblins
  2 jackals (D:3)
  2 kobolds
  A quokka (D:2)
  7 ball pythons
  4 bats
  2 frilled lizards (D:3)
  4 rats
64 creatures vanquished.

Vanquished Creatures (collateral kills)
  An endoplasm (D:2)
1 creature vanquished.

Grand Total: 65 creatures vanquished

Notes
Turn   | Place    | Note
-------+----------+-------------------------------------------
     0 | D:1      | Kaptain the Naga Hedge Wizard began the quest for the Orb.
     0 | D:1      | Reached XP level 1. HP: 15/15 MP: 4/4
   485 | D:1      | Reached XP level 2. HP: 22/22 MP: 6/6
  1081 | D:1      | Found a faded altar of an unknown god.
  1365 | D:1      | Learned a level 2 spell: Blink
  1368 | D:1      | Learned a level 2 spell: Call Imp
  1627 | D:2      | Reached XP level 3. HP: 30/30 MP: 5/7
  1846 | D:2      | You fall into a shaft and drop 1 floor!
  2005 | D:3      | Noticed Sigmund
  2041 | D:3      | Killed Sigmund
  2042 | D:3      | Reached skill level 1 in Fighting
  2042 | D:3      | Reached skill level 4 in Stealth
  2042 | D:3      | Reached XP level 4. HP: 11/39 MP: 6/10
  2042 | D:3      | Reached XP level 5. HP: 13/45 MP: 6/11
  2256 | D:3      | Found an opulent altar of Gozag.
  2399 | D:3      | Reached XP level 6. HP: 41/52 MP: 12/12
  2605 | D:2      | Identified the +1 ring mail "Azataele" {rC+ Dex-5 Stlth+}
  3280 | D:3      | Learned a level 3 spell: Mephitic Cloud
  3286 | D:3      | Noticed Robin
  3303 | D:3      | Killed Robin
  3356 | D:3      | Reached skill level 5 in Stealth
  3714 | D:3      | Found a broken altar of Ashenzari.
  3935 | D:3      | Found a runed translucent door.
  3936 | D:3      | Noticed Crazy Yiuf
  4140 | D:3      | HP: 1/52 [Crazy Yiuf (7)]
  4140 | D:3      | Slain by Crazy Yiuf

Illustrated notes

Levels and vault maps discovered:
D:1:      dpeg_arrival_tiny_d, layout_loops_ring,
          ebering_ecumenical_altar_sacrificial
D:2:      layout_basic
D:3:      layout_loops_ring, mainiacjoe_overflow_catwalk,
          ashenzari_conservatory_becter, uniq_sigmund, uniq_robin,
          uniq_crazy_yiuf_cottage

Skill      XL: |  1  2  3  4  5  6 |
---------------+-------------------+-----
Conjurations   | 3 |  3.5
Fighting       | 1 2 |  2.1
Stealth        | 4 5 |  5.0
Spellcasting   | 4 |  4.4
Dodging        | |  1.5
Summonings     | |  1.0
Translocations | |  1.0

Action                   |  1- 3 |  4- 6 || total
-------------------------+-------+-------++-------
Melee: Dagger            |    47 |    30 ||    77
       Punch             |     2 |       ||     2
       Hand axe          |    13 |    22 ||    35
       War axe           |       |    17 ||    17
       Trident           |       |     1 ||     1
 Cast: Magic Dart        |    46 |    30 ||    76
       Call Imp          |     2 |     2 ||     4
  Use: Potion            |     2 |     1 ||     3
       Scroll            |       |     7 ||     7
 Stab: Sleeping          |     3 |     2 ||     5
Armor: Robe              |    11 |    13 ||    24
       Leather armour    |       |     7 ||     7
       Skin              |       |     6 ||     6
Dodge: Dodged            |    31 |    39 ||    70
